 Dungeon Crawl Stone Soup version 0.28.0-53-g5a82cb258f (webtiles) character file.

Game seed: 4976140667058843588

674 jamesp the Shield-Bearer (level 7, -1/44 HPs)
             Began as a Gargoyle Fighter on Aug 1, 2022.
             Slain by a water moccasin (4 damage)
             ... on level 6 of the Dungeon.
             The game lasted 00:13:41 (4368 turns).

jamesp the Shield-Bearer (Gargoyle Fighter)         Turns: 4368, Time: 00:13:42

Health: -1/44      AC: 13    Str: 20    XL:     7   Next: 59%
Magic:  7/7        EV:  9    Int:  8    God:
Gold:   170        SH:  5    Dex: 11    Spells: 6/6 levels left

rFire   + . .      SeeInvis .   a - +0 flail
rCold   . . .      Faith    .   c - +0 buckler
rNeg    + + .      Spirit   .   b - +0 scale mail
rPois   ∞          Reflect  .   u - +0 helmet
rElec   +          Harm     .   (no cloak)
rCorr   .          Rampage  .   (no gloves)
Will    .....                   (no boots)
Stlth   ..........              (no amulet)
HPRegen 0.14/turn               e - ring of positive energy
MPRegen 0.10/turn               q - ring of protection from fire

@: no status effects
A: sickness immunity, AC +4, negative energy resistance 1, electricity
resistance, torment resistance 1, petrification resistance
a: no special abilities


You were on level 6 of the Dungeon.
You visited 1 branch of the dungeon, and saw 6 of its levels.

You collected 170 gold pieces.

Inventory:

Hand Weapons
 a - a +0 flail (weapon)
 g - a +0 vampiric whip
Missiles
 d - 17 bolts
 n - 29 stones (quivered)
 o - 14 arrows
 p - 2 javelins
 r - 15 sling bullets
Armour
 b - a +0 scale mail (worn)
 c - a +0 buckler (worn)
 u - a +0 helmet (worn)
Jewellery
 e - a ring of positive energy (left hand)
 q - a ring of protection from fire (right hand)
Scrolls
 h - a scroll of magic mapping {unknown}
 i - 3 scrolls of blinking {unknown}
 j - 4 scrolls of identify {unknown}
 k - a scroll of holy word {unknown}
 s - 3 scrolls of teleportation {unknown}
 t - 2 scrolls of noise {unknown}
Potions
 l - a potion of attraction {unknown}
 m - 2 potions of lignification {unknown}


   Skills:
 + Level 5.4 Fighting
 + Level 4.4 Maces & Flails
 + Level 5.5 Armour
 + Level 5.5 Shields


You had 6 spell levels left.
You didn't know any spells.
Your spell library was empty.

Dungeon Overview and Level Annotations

Branches:
Dungeon (6/15)
 Temple: D:4-7

Altars:

Annotations:
D:5 Ijyb


Innate Abilities, Weirdness & Mutations

You are immune to sickness and miasma.
Your stone body is resilient. (AC +4)
You are immune to poison.
You resist negative energy. (rN+)
You are resistant to electric shocks. (rElec)
You are resistant to unholy torment.
You are immune to petrification.


Message History

The water moccasin is severely wounded.
The water moccasin barely misses you.
The water moccasin bites you but does no damage.
You closely miss the water moccasin.
The water moccasin is severely wounded.
The water moccasin bites you.
* * * LOW HITPOINT WARNING * * *
The water moccasin bites you!
* * * LOW HITPOINT WARNING * * *
You feel better. You block the water moccasin's attack.
You barely miss the water moccasin.
The water moccasin is heavily wounded.
The water moccasin closely misses you. You block the water moccasin's attack.
You barely miss the water moccasin.
The water moccasin is heavily wounded.
The water moccasin bites you but does no damage.
You miss the water moccasin.
The water moccasin is heavily wounded.
The water moccasin completely misses you.
You block the water moccasin's attack.
You closely miss the water moccasin.
The water moccasin is heavily wounded.
The water moccasin bites you but does no damage.
You block the water moccasin's attack.
You miss the water moccasin.
The water moccasin is heavily wounded.
The water moccasin closely misses you. x2
You miss the water moccasin.
The water moccasin is heavily wounded.
The water moccasin bites you.
* * * LOW HITPOINT WARNING * * *
You miss the water moccasin.
The water moccasin is heavily wounded.
You block the water moccasin's attack. x2
You closely miss the water moccasin.
The water moccasin is heavily wounded.
The water moccasin bites you.
* * * LOW HITPOINT WARNING * * *
The water moccasin bites you.
You die...

##....[...##
#..........#
##..........#
#...........#
#...........#
#...........#
#..........##
#.........##
#.......@.#
#.......S.#
#.....>...#
#....!....#
##........
#...(.....
#...:.....
..........#


You could see a water moccasin.

Vanquished Creatures
  An ice beast (D:5)
  2 ogres
  A scorpion (D:3)
  2 hounds
  A jelly (D:4)
  A bullfrog skeleton (D:5)
  Natasha (twice) (D:4)
  3 orc wizards
  4 adders
  An ufetubus (D:6)
  2 worms
  5 orcs
  5 endoplasms
  7 giant cockroaches
  6 goblins
  6 hobgoblins
  8 jackals (D:4)
  6 quokkas
  8 ball pythons
  A frilled lizard (D:3)
  3 kobolds
  3 rats (D:1)
78 creatures vanquished.

Notes
Turn   | Place    | Note
-------+----------+-------------------------------------------
     0 | D:1      | jamesp the Gargoyle Fighter began the quest for the Orb.
     0 | D:1      | Reached XP level 1. HP: 14/14 MP: 1/1
   303 | D:1      | Reached XP level 2. HP: 16/19 MP: 2/2
   944 | D:2      | Reached XP level 3. HP: 23/23 MP: 3/3
  1528 | D:3      | Reached XP level 4. HP: 21/29 MP: 4/4
  2034 | D:3      | Found a faded altar of an unknown god.
  2037 | D:3      | Noticed a scorpion
  2045 | D:3      | Killed a scorpion
  2046 | D:3      | Reached XP level 5. HP: 18/33 MP: 5/5
  2885 | D:4      | Noticed Natasha
  2892 | D:4      | Killed Natasha
  2893 | D:4      | Reached XP level 6. HP: 32/39 MP: 6/6
  3160 | D:4      | Noticed Natasha
  3173 | D:4      | Killed Natasha
  3588 | D:5      | Entered Level 5 of the Dungeon
  3595 | D:5      | Reached skill level 5 in Fighting
  3595 | D:5      | Reached skill level 5 in Armour
  3595 | D:5      | Reached skill level 5 in Shields
  3595 | D:5      | Reached XP level 7. HP: 16/44 MP: 7/7
  4275 | D:5      | Noticed Ijyb
  4368 | D:6      | Slain by a water moccasin

Illustrated notes

Levels and vault maps discovered:
D:1:      heliophobic_arrival_battle_scene, layout_loops_ring
D:2:      layout_rooms
D:3:      layout_rooms, shapermc_ecumenical_altar_mp_highgroup,
          chequers_serial_rivers_small_b
D:4:      layout_loops_corners, uniq_natasha
D:5:      cheibrodos_iron_armory, layout_gridville,
          mainiacjoe_overflow_small_starburst, minmay_temple_entry_slanted,
          uniq_ijyb
D:6:      layout_rooms, serial_curves, eino_curves_02, eino_curves_03,
          nrook_pool_corridor

Skill      XL: |  1  2  3  4  5  6  7 |
---------------+----------------------+-----
Armour         | 4 5 |  5.5
Shields        | 4 5 |  5.5
Fighting       | 4 5 |  5.4
Maces & Flails | 3 4 |  4.4

Action                   |  1- 3 |  4- 6 |  7- 9 || total
-------------------------+-------+-------+-------++-------
Melee: Flail             |    16 |   118 |    86 ||   220
       Whip              |   115 |    61 |       ||   176
Throw: Stone             |       |    13 |     1 ||    14
  Use: Potion            |       |     1 |     5 ||     6
Armor: Scale mail        |    48 |    81 |    97 ||   226
Dodge: Dodged            |    39 |    70 |    87 ||   196
Block: Buckler           |    21 |    39 |    22 ||    82
